 Dungeon Crawl Stone Soup version 0.32-a0-329-ge6c31236d6 (webtiles) character file.

Game seed: 11314997495609620111

1132 Bravepunisher the Demolition Spriggan (level 8, -2/39 HPs)
             Began as a Spriggan Monk on Feb 16, 2024.
             Was an Elder of Makhleb.
             Succumbed to a kobold brigand's curare-tipped dart
             ... on level 6 of the Dungeon.
             The game lasted 00:14:27 (3948 turns).

Bravepunisher the Demolition Spriggan (SpMo)        Turns: 3948, Time: 00:14:27

Health: -2/39      AC:  3    Str:  7    XL:     8   Next: 13%
Magic:  15/15      EV: 20    Int: 11    God:    Makhleb [****..]
Gold:   226        SH:  0    Dex: 20    Spells: 7/7 levels left

rFire   + . .        a - +0 short sword
rCold   + . .        (no shield)
rNeg    . . .        d - +1 robe {rC+ rF+}
rPois   .            (helmet restricted)
rElec   .            (no cloak)
rCorr   .            (gloves unavailable)
SInv    +            (boots unavailable)
Will    +....        o - amulet of regeneration
Stlth   ++           (no ring)
HPRegen 1.06/turn    (no ring)
MPRegen 0.14/turn

%: no passive effects
@: mighty, lethally poisoned (-2 -> -28), slowed, quick
A: very small, no large weapons, unfitting armour, see invisible, speed 3
a: Renounce Religion, Minor Destruction, Lesser Servant of Makhleb, Major
Destruction


You were on level 6 of the Dungeon.
You worshipped Makhleb.
Makhleb was greatly pleased with you.
You visited 2 branches of the dungeon, and saw 8 of its levels.

You collected 226 gold pieces.

Inventory:

Hand Weapons
 a - a +0 short sword (weapon)
Armour
 d - a +1 robe of resistance (worn)
Jewellery
 o - an amulet of regeneration (around neck)
Scrolls
 b - 5 scrolls of identify {unknown}
 c - 2 scrolls of amnesia {unknown}
 e - a scroll of torment {unknown}
 f - a scroll of vulnerability {unknown}
 g - a scroll of poison {unknown}
 h - 4 scrolls of teleportation {unknown}
 i - a scroll of blinking {unknown}
 k - a scroll of revelation {unknown}
 n - 5 scrolls of enchant weapon {unknown}
Potions
 j - a potion of magic {unknown}
 l - 2 potions of might
 m - a potion of haste {unknown}
 p - a potion of enlightenment {unknown}
 q - a potion of curing {unknown}


   Skills:
 - Level 2.6 Fighting
 - Level 3.2 Short Blades
 - Level 4.7 Dodging
 * Level 9.3 Invocations


You had 7 spell levels left.
You didn't know any spells.
Your spell library contained the following spells:

 Spells                   Type           Power      Damage    Failure   Level
 Apportation              Tloc           0%         N/A       34%         1
 Jinxbite                 Hex            0%         N/A       47%         2
 Hailstorm                Conj/Ice       0%         3d5       71%         3
 Summon Ice Beast         Ice/Summ       0%         N/A       71%         3
 Alistair's Intoxication  Alch           0%         N/A       100%        5
 Sculpt Simulacrum        Ice/Alch       0%         N/A       100%        6
 Haunt                    Necr/Summ      0%         N/A       100%        7
 Borgnjor's Revivificati  Necr           0%         N/A       100%        8
 Death's Door             Necr           0%         N/A       100%        9


Dungeon Overview and Level Annotations

Branches:
Dungeon (7/15)             Temple (1/1) D:5

Altars:
Ashenzari
Cheibriados
Elyvilon
Fedhas
Gozag
Hepliaklqana
Kikubaaqudgha
Makhleb
Nemelex Xobeh
Okawaru
Qazlal
Ru
Trog
Uskayaw
Vehumet
Xom
Yredelemnul
Zin
The Shining One

Annotations:
D:4 1 runed translucent door, DeathSocks's ghost, amateur DsGl; Dowan; Duvessa


Innate Abilities, Weirdness & Mutations

You are very small and have problems with some larger weapons.
You are too small for most types of armour.
You have supernaturally acute eyesight. (SInv)
You cover ground extremely quickly. (Speed+++)


Message History

You kill the kobold!
Makhleb accepts your kill.
You feel very sick.
A kobold comes into view. It is wielding a +0 club.
You swap places.
You feel sick.
The hound bites your hellwing but does no damage.
Your hellwing hits the hound!
The hound dies!
Makhleb accepts your kill.
You feel sick.
Your hellwing hits the kobold.
The kobold dies!
Makhleb accepts your kill.
The kobold brigand throws a curare-tipped dart.
The curare-tipped dart closely misses your hellwing.
The curare-tipped dart misses you.
You feel sick.
Your hellwing disappears in a puff of smoke!
You feel sick.
The kobold brigand throws a curare-tipped dart.
The curare-tipped dart hits you.
You are more poisoned.
You have difficulty breathing.
You feel as though you will be slow longer.
Aiming: Minor Destruction (0% risk of failure)
Press: ? - help, Shift-Dir - straight line, f/p - kobold brigand
Aim: a kobold brigand, wielding a +0 short sword and quivering curare-tipped darts (heavily wounded, covered in acid)
The glob of acid hits the kobold brigand!
The kobold brigand is almost dead.
You feel extremely sick.
The kobold brigand throws a curare-tipped dart.
The curare-tipped dart barely misses you.
The kobold brigand throws a curare-tipped dart.
The curare-tipped dart hits you.
You are lethally poisoned!
You have difficulty breathing.
* * * LOW HITPOINT WARNING * * *
You feel as though you will be slow longer.
It was a potion of might.
You feel very mighty all of a sudden.
You die... #.# .K## #KK

#l# #K# #
#?###..##
#........
#.########
#.@....).##.
########.##.###
#.# ... #.# ...
#.# #.#
##.###.#
##..4##.#####
#...........#
#....##.###.##


You could see a kobold brigand (corroded), an iguana and 2 kobolds.

Vanquished Creatures
  2 ogres
  A kobold brigand (D:5)
  A bullfrog (D:6)
  A scorpion (D:5)
  2 howler monkeys (D:5)
  A bombardier beetle (D:5)
  A jelly (D:6)
  2 hounds
  Jessica (D:2)
  2 iguanas
  An orc wizard (D:6)
  A shadow imp (D:5)
  3 ribbon worms
  3 dart slugs
  9 orcs
  4 bats
  8 endoplasms
  8 giant cockroaches
  5 goblins
  4 hobgoblins
  10 jackals
  9 kobolds
  4 quokkas
  11 ball pythons
  3 frilled lizards
  6 rats
103 creatures vanquished.

Vanquished Creatures (collateral kills)
  A steam dragon (D:6)
  A bullfrog (D:6)
  2 hounds (D:6)
  An orc wizard (D:6)
  A kobold (D:6)
6 creatures vanquished.

Grand Total: 109 creatures vanquished

Notes
Turn   | Place    | Note
-------+----------+-------------------------------------------
     0 | D:1      | Bravepunisher the Spriggan Monk began the quest for the
                  | Orb.
     0 | D:1      | Reached XP level 1. HP: 11/11 MP: 2/2
   112 | D:2      | Found an opulent altar of Gozag.
   188 | D:5      | Entered Level 5 of the Dungeon
   212 | D:4      | Noticed Duvessa
   254 | D:4      | Reached XP level 2. HP: 13/16 MP: 3/3
   260 | D:4      | Noticed Dowan
   271 | D:5      | Noticed a scorpion
   417 | D:4      | Found a runed translucent door.
   423 | D:4      | Noticed DeathSocks's ghost (amateur DsGl)
   613 | D:7      | Found a burning altar of Makhleb.
   637 | D:7      | Became a worshipper of Makhleb the Destroyer
   637 | D:7      | Reached * piety under Makhleb
   637 | D:7      | Reached ** piety under Makhleb
   643 | D:7      | Reached skill level 2 in Invocations
   643 | D:7      | Reached XP level 3. HP: 13/19 MP: 3/5
   686 | D:6      | Reached skill level 3 in Invocations
   686 | D:6      | Reached XP level 4. HP: 19/23 MP: 5/7
   808 | D:2      | Noticed Jessica
   810 | D:2      | Killed Jessica
   963 | D:1      | Reached skill level 4 in Invocations
   997 | D:1      | Reached XP level 5. HP: 26/27 MP: 9/9
  1657 | D:2      | Reached *** piety under Makhleb
  2198 | D:3      | Found a glowing silver altar of Zin.
  2841 | D:4      | Reached skill level 5 in Invocations
  3106 | D:4      | Found a snail-covered altar of Cheibriados.
  3115 | D:4      | Found a broken altar of Ashenzari.
  3298 | D:4      | Reached XP level 6. HP: 32/32 MP: 11/11
  3365 | D:5      | Reached skill level 6 in Invocations
  3410 | D:5      | Reached skill level 7 in Invocations
  3410 | D:5      | Reached XP level 7. HP: 35/35 MP: 13/13
  3450 | D:5      | Found a staircase to the Ecumenical Temple.
  3465 | D:5      | Reached **** piety under Makhleb
  3474 | Temple   | Entered the Ecumenical Temple
  3776 | D:6      | Noticed a steam dragon
  3790 | D:6      | Killed a steam dragon
  3791 | D:6      | Reached skill level 8 in Invocations
  3850 | D:6      | Reached XP level 8. HP: 30/39 MP: 15/15
  3897 | D:6      | Reached skill level 9 in Invocations
  3948 | D:6      | Succumbed to a kobold brigand's curare-tipped dart

Illustrated notes

Levels and vault maps discovered:
D:1:      onia_arrival_handbag, layout_basic, minmay_strange_pillars
D:2:      layout_rooms, basic_altar, minivault_25, kennysheep_flooded_box,
          uniq_jessica
D:3:      layout_basic, mainiacjoe_overflow_chevrons
D:4:      layout_loops_ring, mainiacjoe_overflow_swirl, ebering_ghost_sewer_d,
          nicolae_letterblocks [nicolae_letter_subblock,
          nicolae_letter_subblock, nicolae_letter_subblock,
          nicolae_letter_subblock, nicolae_letter_subblock,
          nicolae_letter_subblock, nicolae_letter_subblock,
          nicolae_letter_subblock, nicolae_letter_subblock,
          nicolae_letter_subblock, nicolae_letter_subblock,
          nicolae_letter_subblock, nicolae_letter_subblock,
          nicolae_letter_subblock, nicolae_letter_subblock,
          nicolae_letter_subblock, nicolae_letter_subblock,
          nicolae_letter_subblock, nicolae_letter_subblock,
          nicolae_letter_subblock, nicolae_letter_subblock,
          nicolae_letter_subblock, nicolae_letter_subblock,
          nicolae_letter_subblock, nicolae_letter_subblock], uniq_duvessa
D:5:      layout_cave_pools, minmay_temple_entry_trees
D:6:      layout_loops_ring, kennysheep_mini_moat, reono_crystal_passage
D:7:      layout_basic, nzn_wu_jian_contemplation, makhleb_heckhound_becter,
          kennysheep_generic_room_15, uniq_jeremiah
Temple:   regret_index_temple_waves

Skill      XL: |  1  2  3  4  5  6  7  8 |
---------------+-------------------------+-----
Invocations    | 2 3 4 5 7 8 9 |  9.3
Fighting       | |  2.6
Short Blades   | |  3.2
Dodging        | |  4.7

Action                     |  1- 3 |  4- 6 |  7- 9 || total
---------------------------+-------+-------+-------++-------
  Melee: Short sword       |    45 |    18 |     6 ||    69
 Invoke: Minor Destruction |     9 |   193 |    41 ||   243
         Lesser Servant of |       |       |     1 ||     1
    Use: Potion            |     1 |       |     1 ||     2
   Stab: Sleeping          |     1 |       |       ||     1
 Armour: Robe              |    13 |    21 |     2 ||    36
  Dodge: Dodged            |    75 |    50 |    15 ||   140

Table legend: (Time is in decaauts)
 A = Elapsed time spent in this place.
 B = Non-inter-level travel time spent in this place.
 C = Inter-level travel time spent in this place.
 D = Time resting spent in this place.
 E = Time spent auto-exploring this place.
 F = Levels seen in this place.
 G = Mean time per level.
                   A        B        C        D        E       F      G
               +--------+--------+--------+--------+--------+-----+--------+
         Total |   2652 |   2498 |    154 |     45 |   1575 |   8 |  331.5 |
       Dungeon |   2650 |   2496 |    154 |     45 |   1575 |   7 |  378.6 |
        Temple |      1 |      1 |      0 |      0 |      0 |   1 |    1.0 |
               +--------+--------+--------+--------+--------+-----+--------+

Top non-repeatable levels by time:
     D:3: 639 daAuts
     D:4: 555 daAuts
     D:1: 489 daAuts
     D:2: 389 daAuts
     D:5: 330 daAuts
     D:6: 176 daAuts
     D:7: 70 daAuts
  Temple: 1 daAuts
